 Dungeon Crawl Stone Soup version 0.23-a0-151-gf6d1ed2 (webtiles) character file.

23 mopl the Insei (level 3, -2/26 HPs)
             Began as a Barachi Transmuter on Sept 8, 2018.
             Slain by Sigmund
             ... wielding a +0 scythe
              (7 damage)
             ... on level 2 of the Dungeon.
             The game lasted 00:02:02 (1485 turns).

mopl the Insei (Barachi Transmuter)                 Turns: 1485, Time: 00:02:03

Health: -2/26      AC:  2    Str: 11    XL:     3   Next: 0%
Magic:  4/6        EV: 12    Int: 14    God:
Gold:   42         SH:  0    Dex: 12    Spells: 4/7 levels left

rFire    . . .     SeeInvis .   k - +1 dagger (venom)
rCold    . . .     Gourm    .   (no shield)
rNeg     . . .     Faith    .   b - +0 robe
rPois    .         Spirit   .   (no helmet)
rElec    .         Reflect  .   (no cloak)
rCorr    .         Harm     .   (no gloves)
MR       .....                  (no boots)
Stlth    +.........             j - amulet of regeneration
HPRegen  0.48/turn              (no ring)
MPRegen  0.10/turn              (no ring)

@: can't hop, slow
A: +LOS, swims, slowness 1, strong legs 1
a: Hop


You were on level 2 of the Dungeon.
You were hungry.

You visited 1 branch of the dungeon, and saw 2 of its levels.

You collected 42 gold pieces.

Inventory:

Hand Weapons
 k - a +1 dagger of venom (weapon)
Missiles
 a - 23 arrows
 f - 81 stones (quivered)
Armour
 b - a +0 robe (worn)
Jewellery
 j - an amulet of regeneration (around neck)
 m - an uncursed amulet of the gourmand {unknown}
Scrolls
 c - a scroll of remove curse {unknown}
 e - a scroll of fog {unknown}
 l - a scroll of amnesia {unknown}
Potions
 i - a potion of lignification {unknown}
Comestibles
 d - 3 rations
 h - 5 chunks of flesh


   Skills:
 - Level 1.2 Fighting
 - Level 2.1 Dodging
 * Level 4.0 Unarmed Combat
 + Level 2.5 Spellcasting
 + Level 2.6 Transmutations


You had 4 spell levels left.
You knew the following spells:

 Your Spells              Type           Power        Failure   Level  Hunger
a - Beastly Appendage     Tmut           #.....       8%          1    #......
w - Sticks to Snakes      Tmut           #.......     12%         2    ###....

Your spell library contained the following spells:

 Spells                   Type           Power        Failure   Level  Hunger
 Spider Form              Tmut/Pois      #.........   36%         3    ###....
 Ice Form                 Ice/Tmut       #.......     78%         4    #####..
 Blade Hands              Tmut           #.........   91%         5    ######.


Dungeon Overview and Level Annotations

Branches:
Dungeon (2/15)

Altars:

Annotations:
D:2 Sigmund


Innate Abilities, Weirdness & Mutations

Shadows flee at your approach. (+LOS)
You can swim through water.
You cover ground slowly.
You can hop short distances.


Message History

You hit Sigmund.
Sigmund is lightly wounded.
Sigmund casts a spell.
Sigmund flickers and vanishes!
Deactivating autopickup; reactivate with Ctrl-A.
You barely miss something. Something hits you. Something hits you!
It was a potion of heal wounds.
You feel much better. Something hits you!
You hit something but do no damage.
You hear some strange, mumbled words.
A puff of flame appears from out of thin air!
The puff of flame hits you!
* * * LOW HITPOINT WARNING * * *
Casting: Sticks to Snakes (safe; 12% risk of failure)
Confirm with . or Enter, or press ? or * to list all spells.
You create a snake!
You now have 23 arrows.
You are feeling hungry.
Something hits you!
You die...

#.....# #.......
#.....# ###.....@.
#.....# #.........
#.....# #.##......
#.....#######.##....##
#.......@.....##...?(.
#.....######.###..##.(
#...<{S.# #..........
#....@#.## #..........
#####.#..###.........(
#.##..........#..
#.######........# #.#
.......... #.#
....#..### #.#
.####..# #.# #.#


You could see a friendly ball python.

Vanquished Creatures
  A dart slug (D:1)
  A leopard gecko (D:1)
  A ball python (D:1)
  4 goblins
  3 hobgoblins (D:1)
  3 kobolds (D:1)
  A bat (D:2)
  A frilled lizard (D:1)
  4 rats
19 creatures vanquished.

Notes
Turn   | Place    | Note
-------+----------+-------------------------------------------
     0 | D:1      | mopl the Barachi Transmuter began the quest for the Orb.
     0 | D:1      | Reached XP level 1. HP: 15/15 MP: 3/3
    87 | D:1      | Reached XP level 2. HP: 2/21 MP: 3/5
   353 | D:1      | Learned a level 2 spell: Sticks to Snakes
  1447 | D:2      | Reached skill level 4 in Unarmed Combat
  1447 | D:2      | Reached XP level 3. HP: 26/26 MP: 4/6
  1454 | D:2      | Noticed Sigmund
  1485 | D:2      | Slain by Sigmund

Vault maps used:
D:1:      dpeg_arrival_rhombi
D:2:      grunt_dithmenos_smoke, uniq_sigmund

Skill      XL: |  1  2 |
---------------+-------+-----
Unarmed Combat | 4 |  4.0
Fighting       | |  1.2
Dodging        | |  2.1
Spellcasting   | |  2.5
Transmutations | |  2.6

Action                   || total
-------------------------++-------
Melee: Unarmed           ||    58
       Dagger            ||    10
       Kick              ||     3
       Headbutt          ||     1
 Cast: Beastly Appendage ||     8
       Sticks to Snakes  ||     2
 Abil: Hop               ||     1
  Use: Potion            ||     1
  Eat: Chunk             ||     2
Armor: Robe              ||     6
Dodge: Dodged            ||    31

Table legend:
 A = Non-vault XP
 B = Vault XP
 C = Vault XP percentage of total XP
 D = Non-vault monster count
 E = Vault monster count
 F = Vault count percentage of total count
                 A         B        C        D         E       F
            +---------+---------+-------+---------+---------+-------
      Total |      34 |       0 |   0.0 |      19 |       0 |   0.0
            +---------+---------+-------+---------+---------+-------
        D:1 |      30 |       0 |   0.0 |      16 |       0 |   0.0
        D:2 |       4 |       0 |   0.0 |       3 |       0 |   0.0
            +---------+---------+-------+---------+---------+-------
